cohdb
Replays
Latest Replays
All Replays
Popular Replays
Top Player Replays
Match Explorer
How It Works
Community
CoH3 Stats
Reddit
Sign in to upload your games and track your stats! →
Sign in with Steam
Match 47393511
Unlisted
Match 47393511
Overview
Messages
Build Orders
End
Scout Squad
Engineer Squad
Construct Weapon Support Center
Selects Heavy Weapons
M1919 Machine Gun Team
Bazooka Squad
Infantry Support Center
M1919 Machine Gun Team
M3 Armored Personnel Carrier
Selects Assault Carriers
AHordeofBadgers
Dark Lord Cthulhu
Schmu
Silvio Guastatori
0
0
Comments
sign in to comment!
No comments posted yet!